MID
QUAD CITIES RIVER BANDITS @ CLINTON LUMBERKINGS
08/25/2045
 
TOP OF THE 1ST
Quad Cities River Bandits batting - Pitching for Clinton LumberKings : RHP Marty Maginnis
Pitching: RHP Marty Maginnis
Batting: RHB Edgar Trejo 0-0: Foul Ball, location: 2F
0-1: Called Strike
0-2: Ball
1-2: Ball
2-2: Strikes out swinging
Batting: RHB Sean Mounts 0-0: Fly out, F9 (Flyball, 9, EV 80.0 MPH)
Batting: RHB Elijah Hunter 0-0: Ball
1-0: Foul Ball, location: 2F
1-1: SINGLE (Groundball, 6D, EV 95.0 MPH)
Batting: RHB Bruce Bermudez 0-0: SINGLE (Groundball, 56D, EV 105.6 MPH)
Elijah Hunter to second
Batting: RHB Justin Olmstead 0-0: Called Strike
0-1: Swinging Strike
0-2: Ball
1-2: Fly out, F8 (Flyball, 89XD, EV 104.4 MPH)
Top of the 1st over - 0 runs, 2 hits, 0 errors, 2 left on base; Quad Cities 0 - Clinton 0
BOTTOM OF THE 1ST
Clinton LumberKings batting - Pitching for Quad Cities River Bandits : RHP Ricardo Acosta
Pitching: RHP Ricardo Acosta
Batting: RHB Tomokazu Sugimoto 0-0: Swinging Strike
0-1: Foul Ball, location: 2F
0-2: Strikes out swinging
Batting: RHB Josh Mauer 0-0: Ground out 5-3 (Groundball, 56, EV 105.0 MPH)
Batting: LHB Justin Long 0-0: Ground out U3 (Groundball, 3D, EV 81.9 MPH)
Bottom of the 1st over - 0 runs, 0 hits, 0 errors, 0 left on base; Quad Cities 0 - Clinton 0
TOP OF THE 2ND
Quad Cities River Bandits batting - Pitching for Clinton LumberKings : RHP Marty Maginnis
Batting: SHB Danny Jensen 0-0: Foul Ball, location: 2F
0-1: Called Strike
0-2: Ball
1-2: Ball
2-2: Strikes out swinging
Batting: RHB Evan Fry 0-0: Called Strike
0-1: Ball
1-1: Called Strike
1-2: Strikes out swinging
Batting: RHB Chris Miller 0-0: Called Strike
0-1: Swinging Strike
0-2: Strikes out swinging
Top of the 2nd over - 0 runs, 0 hits, 0 errors, 0 left on base; Quad Cities 0 - Clinton 0
BOTTOM OF THE 2ND
Clinton LumberKings batting - Pitching for Quad Cities River Bandits : RHP Ricardo Acosta
Batting: LHB Kenny Gerrity 0-0: Called Strike
0-1: Ball
1-1: Called Strike
1-2: Foul Ball, location: 2F
1-2: Ball
2-2: Ball
3-2: Foul Ball, location: 2F
3-2: Base on Balls
Batting: LHB Chang Huie 0-0: Called Strike
0-1: Swinging Strike
0-2: Strikes out swinging
Batting: RHB Clay Statum 0-0: Foul Ball, location: 2F
0-1: Ball
1-1: Ball
Wild Pitch!
Kenny Gerrity to second
2-1: Called Strike
2-2: SINGLE (Groundball, 34D, EV 96.9 MPH)
Kenny Gerrity to third
Batting: SHB Raghnall Ahearne 0-0: Ball
1-0: Foul Ball, location: 2F
1-1: Fielders Choice at 2nd, 4-6 (Groundball, 4, EV 101.2 MPH)
Kenny Gerrity scores
Batting: RHB Danny Pujols 0-0: Ball
Raghnall Ahearne steals 2nd base
1-0: 2-RUN HOME RUN (Flyball, 78XD, EV 112.5 MPH), Distance : 439 ft
Batting: LHB David Walker 0-0: Called Strike
0-1: Ball
1-1: Ball
2-1: Ground out U3 (Groundball, 3, EV 101.2 MPH)
Bottom of the 2nd over - 3 runs, 2 hits, 0 errors, 0 left on base; Quad Cities 0 - Clinton 3
TOP OF THE 3RD
Quad Cities River Bandits batting - Pitching for Clinton LumberKings : RHP Marty Maginnis
Batting: RHB Ruben Pujols 0-0: Called Strike
0-1: Foul Ball, location: 2F
0-2: Ball
1-2: Foul Ball, location: 2F
1-2: Ball
2-2: TRIPLE (Line Drive, 9LD, EV 104.4 MPH)
Batting: RHB Edgar Trejo 0-0: Foul Ball, location: 2F
0-1: Swinging Strike
0-2: Ball
1-2: Ball
2-2: Strikes out swinging
Batting: RHB Sean Mounts 0-0: Fly out, F9 (Flyball, 9LM, EV 89.4 MPH)
Batting: RHB Elijah Hunter 0-0: Ball
1-0: Called Strike
1-1: Called Strike
1-2: Strikes out swinging
Top of the 3rd over - 0 runs, 1 hit, 0 errors, 1 left on base; Quad Cities 0 - Clinton 3
BOTTOM OF THE 3RD
Clinton LumberKings batting - Pitching for Quad Cities River Bandits : RHP Ricardo Acosta
Batting: RHB Tomokazu Sugimoto 0-0: Ground out 5-3 (Groundball, 56S, EV 86.2 MPH)
Batting: RHB Josh Mauer 0-0: Ground out 5-3 (Groundball, 56S, EV 88.8 MPH)
Batting: LHB Justin Long 0-0: Called Strike
0-1: Foul Ball, location: 2F
0-2: Ball
1-2: Strikes out swinging
Bottom of the 3rd over - 0 runs, 0 hits, 0 errors, 0 left on base; Quad Cities 0 - Clinton 3
TOP OF THE 4TH
Quad Cities River Bandits batting - Pitching for Clinton LumberKings : RHP Marty Maginnis
Batting: RHB Bruce Bermudez 0-0: Called Strike
0-1: Ball
1-1: Fly out, F4 (Popup, 4, EV 50.0 MPH)
Batting: RHB Justin Olmstead 0-0: Ball
1-0: Called Strike
1-1: Foul Ball, location: 2F
1-2: Strikes out looking
Batting: SHB Danny Jensen 0-0: Ball
1-0: Swinging Strike
1-1: Foul Ball, location: 2F
1-2: Strikes out swinging
Top of the 4th over - 0 runs, 0 hits, 0 errors, 0 left on base; Quad Cities 0 - Clinton 3
BOTTOM OF THE 4TH
Clinton LumberKings batting - Pitching for Quad Cities River Bandits : RHP Ricardo Acosta
Batting: LHB Kenny Gerrity 0-0: Ball
1-0: Foul Ball, location: 2LF, Error on foul ball, E2
1-1: Called Strike
1-2: Ball
2-2: Strikes out swinging
Batting: LHB Chang Huie 0-0: Ball
1-0: Ball
2-0: Ground out U3 (Groundball, 3, EV 103.8 MPH)
Batting: RHB Clay Statum 0-0: Ball
1-0: SOLO HOME RUN (Flyball, 7LD, EV 95.6 MPH), Distance : 369 ft
Batting: SHB Raghnall Ahearne 0-0: Ball
1-0: Foul Ball, location: 2F
1-1: Foul Ball, location: 2F
1-2: Strikes out swinging
Bottom of the 4th over - 1 run, 1 hit, 1 error, 0 left on base; Quad Cities 0 - Clinton 4
TOP OF THE 5TH
Quad Cities River Bandits batting - Pitching for Clinton LumberKings : RHP Marty Maginnis
Batting: RHB Evan Fry 0-0: Ball
1-0: Called Strike
1-1: Swinging Strike
1-2: SINGLE (Groundball, 5S, EV 72.5 MPH) (infield hit)
Batting: RHB Chris Miller 0-0: Called Strike
0-1: Ball
1-1: Fly out, F7 (Line Drive, 78M, EV 105.0 MPH)
Batting: RHB Ruben Pujols 0-0: Ball
1-0: Ball
2-0: Ball
3-0: Base on Balls
Evan Fry to second
Batting: RHB Edgar Trejo 0-0: Fielders Choice at 2nd, 4-6 (Groundball, 4S, EV 80.0 MPH)
Evan Fry to third
Batting: RHB Sean Mounts 0-0: Called Strike
0-1: Swinging Strike
0-2: Strikes out looking
Top of the 5th over - 0 runs, 1 hit, 0 errors, 2 left on base; Quad Cities 0 - Clinton 4
BOTTOM OF THE 5TH
Clinton LumberKings batting - Pitching for Quad Cities River Bandits : RHP Ricardo Acosta
Pitching: RHP Joe Rivin
Batting: RHB Danny Pujols 0-0: SINGLE (Groundball, 6MD, EV 105.0 MPH)
Batting: LHB David Walker 0-0: SINGLE (Line Drive, 6MD, EV 99.4 MPH)
Danny Pujols to second
Batting: RHB Tomokazu Sugimoto 0-0: Ball
1-0: Called Strike
1-1: Ball
2-1: Ball
3-1: Foul Ball, location: 2F
3-2: SINGLE (Flyball, 9LS, EV 90.6 MPH)
Danny Pujols to third
David Walker to second
Runner from 3rd tries for Home, SAFE, throw by RF to home
David Walker to third
Tomokazu Sugimoto to second
Batting: RHB Josh Mauer 0-0: Ball
1-0: Called Strike
1-1: Foul Ball, location: 2F
1-2: Strikes out looking
Batting: LHB Justin Long 0-0: Fly out, F9 (Line Drive, 9D, EV 89.4 MPH)
Runner from 3rd tags up, SCORES, no throw by RF
Tomokazu Sugimoto to third
Batting: LHB Kenny Gerrity 0-0: Called Strike
0-1: Ball
1-1: Ball
2-1: Swinging Strike
2-2: Strikes out swinging
Bottom of the 5th over - 2 runs, 3 hits, 0 errors, 1 left on base; Quad Cities 0 - Clinton 6
TOP OF THE 6TH
Quad Cities River Bandits batting - Pitching for Clinton LumberKings : RHP Marty Maginnis
Batting: RHB Elijah Hunter 0-0: Foul Ball, location: 2F
0-1: Fly out, F7 (Flyball, 7S, EV 75.0 MPH)
Batting: RHB Bruce Bermudez 0-0: Called Strike
0-1: Ball
1-1: Ground out 6-3 (Groundball, 6, EV 104.4 MPH)
Batting: RHB Justin Olmstead 0-0: Called Strike
0-1: Foul Ball, location: 2F
0-2: Ball
1-2: Ground out 6-3 (Groundball, 6, EV 85.6 MPH)
Top of the 6th over - 0 runs, 0 hits, 0 errors, 0 left on base; Quad Cities 0 - Clinton 6
BOTTOM OF THE 6TH
Clinton LumberKings batting - Pitching for Quad Cities River Bandits : RHP Joe Rivin
Batting: LHB Chang Huie 0-0: Called Strike
0-1: Swinging Strike
0-2: Foul Ball, location: 2F
0-2: Ground out 6-3 (Groundball, 6, EV 81.2 MPH)
Batting: RHB Clay Statum 0-0: Foul Ball, location: 2F
0-1: Swinging Strike
0-2: Ball
1-2: Strikes out swinging
Batting: SHB Raghnall Ahearne 0-0: Ball
1-0: Called Strike
1-1: SOLO HOME RUN (Line Drive, 9D, EV 99.4 MPH), Distance : 396 ft
Batting: RHB Danny Pujols 0-0: Ball
1-0: Ball
2-0: Ball
3-0: Base on Balls
Batting: LHB David Walker 0-0: Ground out U3 (Groundball, 3L, EV 100.0 MPH)
Bottom of the 6th over - 1 run, 1 hit, 0 errors, 1 left on base; Quad Cities 0 - Clinton 7
TOP OF THE 7TH
Quad Cities River Bandits batting - Pitching for Clinton LumberKings : RHP Marty Maginnis
Batting: SHB Danny Jensen 0-0: Ball
1-0: Called Strike
1-1: Ball
2-1: Ball
3-1: Ground out 4-3 (Groundball, 4, EV 110.0 MPH)
Pitching: LHP Ed Gilroy
Batting: RHB Evan Fry 0-0: Called Strike
0-1: Swinging Strike
0-2: Strikes out swinging
Batting: RHB Chris Miller 0-0: Foul Ball, location: 2F
0-1: Foul Ball, location: 2F
0-2: Strikes out swinging
Top of the 7th over - 0 runs, 0 hits, 0 errors, 0 left on base; Quad Cities 0 - Clinton 7
BOTTOM OF THE 7TH
Clinton LumberKings batting - Pitching for Quad Cities River Bandits : RHP Joe Rivin
Batting: RHB Tomokazu Sugimoto 0-0: Called Strike
0-1: Fly out, F6 (Line Drive, 6, EV 66.2 MPH)
Batting: RHB Josh Mauer 0-0: Ball
1-0: Called Strike
1-1: Ball
2-1: Fly out, F8 (Flyball, 8LD, EV 80.0 MPH)
Batting: LHB Justin Long 0-0: Foul Ball, location: 2F
0-1: Ball
1-1: SOLO HOME RUN (Flyball, 89XD, EV 111.9 MPH), Distance : 470 ft
Pitching: RHP Tim Watson
Batting: LHB Kenny Gerrity 0-0: Called Strike
0-1: Ball
1-1: Ball
2-1: Reached on error, E4 (Groundball, 4, EV 104.4 MPH)
Batting: LHB Chang Huie 0-0: Foul Ball, location: 2F
0-1: Foul Ball, location: 2F
0-2: Ball
1-2: Ball
2-2: Ball
3-2: Strikes out looking
Bottom of the 7th over - 1 run, 1 hit, 1 error, 1 left on base; Quad Cities 0 - Clinton 8
TOP OF THE 8TH
Quad Cities River Bandits batting - Pitching for Clinton LumberKings : LHP Ed Gilroy
Batting: RHB Ruben Pujols 0-0: Ground out 6-3 (Groundball, 6, EV 86.2 MPH)
Batting: RHB Edgar Trejo 0-0: Ball
1-0: Foul Ball, location: 2F
1-1: Swinging Strike
1-2: Ground out 6-3 (Groundball, P, EV 90.6 MPH)
Batting: RHB Sean Mounts 0-0: Ball
1-0: Foul Ball, location: 2F
1-1: Ball
2-1: Ball
3-1: Called Strike
3-2: Base on Balls
Batting: RHB Elijah Hunter 0-0: Ball
1-0: Foul Ball, location: 2F
1-1: Foul Ball, location: 2F
1-2: Strikes out looking
Top of the 8th over - 0 runs, 0 hits, 0 errors, 1 left on base; Quad Cities 0 - Clinton 8
BOTTOM OF THE 8TH
Clinton LumberKings batting - Pitching for Quad Cities River Bandits : RHP Tim Watson
Batting: RHB Clay Statum 0-0: Called Strike
0-1: Ball
1-1: Swinging Strike
1-2: Strikes out swinging
Batting: SHB Raghnall Ahearne 0-0: Swinging Strike
0-1: Ball
1-1: Called Strike
1-2: Strikes out swinging
Batting: RHB Danny Pujols 0-0: Foul Ball, location: 2F
0-1: Ball
1-1: Foul Ball, location: 2F
1-2: Strikes out looking
Bottom of the 8th over - 0 runs, 0 hits, 0 errors, 0 left on base; Quad Cities 0 - Clinton 8
TOP OF THE 9TH
Quad Cities River Bandits batting - Pitching for Clinton LumberKings : LHP Ed Gilroy
Batting: RHB Bruce Bermudez 0-0: Ball
1-0: Swinging Strike
1-1: Ball
2-1: Ball
3-1: Foul Ball, location: 2F
3-2: Ground out 5-3 (Groundball, 5, EV 78.8 MPH)
Batting: RHB Justin Olmstead 0-0: Foul Ball, location: 2F
0-1: Foul Ball, location: 2F
0-2: Strikes out swinging
Batting: SHB Danny Jensen 0-0: Called Strike
0-1: Called Strike
0-2: Strikes out swinging
Top of the 9th over - 0 runs, 0 hits, 0 errors, 0 left on base; Quad Cities 0 - Clinton 8
Wednesday, June 22nd , 2022 - OOTP Baseball 23.4 Build 64